AoeStats
← b站江条

Arabia

507696687Analyzed
1v1 RM · 13d ago on Sep 19, 2026· 37m 28s· 2 players
Game mode
Random Map
Map size
Tiny (2 player)
Population
200
Speed
Normal
Resources
Standard
Victory
Conquest
Starting age
Dark Age
Ending age
Imperial Age
RankedLock teamsTeams togetherTeam positionsShared explorationLock speedFull tech treeHidden civsTurbo modeCheats
Victory
Defeat
🇮🇳 Magyars · India
1546
+12
🇨🇳 Maya · China
1456
-12
b站江条
0:25 Loom
9:10 Feudal Age
18:44 Double-Bit Axe
20:35 Fletching
21:29 Padded Archer Armor
25:30 Castle Age
24:13 Scale Mail Armor
24:06 Horse Collar
25:38 Crossbowman
27:04 Bodkin Arrow
33:12 Bow Saw
34:50 Ballistics
Chaos
6:10 Loom
9:26 Feudal Age
9:46 Man-at-Arms
14:21 Double-Bit Axe
16:56 Fletching
22:58 Castle Age
22:13 Padded Archer Armor
22:29 Bloodlines
22:27 Horse Collar
23:34 Bodkin Arrow
24:09 Bow Saw
26:39 Ballistics
26:41 Husbandry
31:57 Wheelbarrow
32:54 Gold Mining
35:16 Stone Mining
39:44 Imperial Age
Connection lost

Rejoining the realm…

Still unreachable

The connection could not be restored.

Session expired

The server has moved on; the page needs a fresh start.